[Event "Titled Tuesday Blitz April 11 Early 2023"]
[White "Ambartsumova, Karina"]
[Black "Dehtiarov, Roman"]
[WhiteFideId "4166299"]
[BlackFideId "14186640"]
[WhiteElo "2240"]
[BlackElo "2189"]
[Result "0-1"]
[Round "08"]
[TimeControl "180+2"]
[Date "2023.04.11"]
[WhiteClock "0:00:03"]
[BlackClock "0:00:45"]

1. d4 Nf6 2. Nf3 d5 3. c4 e6 4. Nc3 Be7 5. Bg5 O-O 6. e3 b6 7. Qc2 Bb7 8. Rd1 Nbd7 9. Bd3 h6 10. Bh4 Rc8 11. cxd5 exd5 12. O-O a6 13. Ne5 Nxe5 14. dxe5 Nd7 15. Bg3 Nc5 16. Bf5 Ne6 17. Nxd5 Bxd5 18. e4 c6 19. Qe2 g6 20. Bg4 h5 21. Bh3 h4 22. exd5 cxd5 23. Bxe6 fxe6 24. Qg4 Kg7 25. Bf4 Rc4 26. g3 Rf5 27. Qe2 hxg3 28. fxg3 Bc5+ 29. Kh1 Qh8 30. b3 Re4 31. Qg2 g5 32. Bc1 Qf8 33. Rxf5 Qxf5 34. Rf1 Qxe5 35. Bb2 Bd4 36. Ba3 Re1 37. Bf8+ Kg8 38. Bb4 Rxf1+ 39. Qxf1 Qe4+ 40. Qg2 Qb1+ 0-1


[Site "https://www.chess.com"]

[Event "Titled Tuesday Blitz April 11 Early 2023"]
[White "Orlov, Georgi"]
[Black "Ioannidis, Evgenios"]
[WhiteFideId "2011271"]
[BlackFideId "4229274"]
[WhiteElo "2603"]
[BlackElo "2386"]
[Result "1-0"]
[Round "08"]
[TimeControl "180+2"]
[Date "2023.04.11"]
[WhiteClock "0:00:13"]
[BlackClock "0:00:23"]

1. e4 e6 2. d4 d5 3. Nc3 Nf6 4. Bg5 dxe4 5. Nxe4 Be7 6. Bxf6 gxf6 7. Nf3 f5 8. Nc3 c5 9. dxc5 Qxd1+ 10. Rxd1 Bxc5 11. Nb5 Na6 12. c3 Ke7 13. Ne5 f6 14. Nd3 Bb6 15. b4 e5 16. a4 Be6 17. a5 Bd8 18. f4 e4 19. Nb2 Bc7 20. g3 Rhd8 21. Rxd8 Rxd8 22. Nxa7 e3 23. Nb5 Rd2 24. Nc4 Bxc4 25. Bxc4 Bb8 26. O-O Nc7 27. Nxc7 Bxc7 28. Re1 Kf8 29. Rxe3 Bb8 30. Re2 Rd1+ 31. Kg2 Rc1 32. Be6 Rxc3 33. Bxf5 Rb3 34. Rc2 Bd6 35. Rc8+ Ke7 36. Rh8 Rb2+ 37. Kf3 Rxb4 38. Rxh7+ Kf8 39. Be6 Be7 40. h4 Ra4 41. h5 Rxa5 42. h6 Ke8 43. Rh8+ Bf8 44. h7 Rh5 45. Kg4 Rh6 46. Kf5 Ke7 47. Bd5 b5 48. g4 Bg7 49. Rb8 Rxh7 50. Rb7+ Kd6 51. Bg8 Rh8 52. Rxg7 b4 53. Kxf6 Rh1 54. g5 Rc1 55. Rb7 Rc6 56. Be6 Kc5 57. g6 1-0


[Site "https://www.chess.com"]

[Event "Titled Tuesday Blitz April 11 Early 2023"]
[White "Sharapov, Evgeny"]
[Black "Bacallao Alonso, Yusnel"]
[WhiteFideId "14103133"]
[BlackFideId "3507416"]
[WhiteElo "2367"]
[BlackElo "2561"]
[Result "0-1"]
[Round "08"]
[TimeControl "180+2"]
[Date "2023.04.11"]
[WhiteClock "0:00:13"]
[BlackClock "0:00:11"]

1. e4 c6 2. d4 d5 3. e5 c5 4. Nf3 cxd4 5. Qxd4 Nc6 6. Qf4 e6 7. a3 Qc7 8. Bd3 Nge7 9. O-O Ng6 10. Bxg6 hxg6 11. Nc3 a6 12. Re1 Be7 13. Ng5 Bc5 14. h4 b5 15. Qg3 Nd4 16. Qd3 Rxh4 17. Be3 Nf5 18. Bxc5 Qxc5 19. Nf3 Rc4 20. Rad1 Bb7 21. Ng5 Ke7 22. Qf3 Rh8 23. g4 Rh4 24. gxf5 Rcf4 25. f6+ Kf8 26. Qe2 Rhg4+ 27. Kf1 Rxg5 28. fxg7+ Kxg7 29. Qe3 Qc4+ 30. Qd3 Rgf5 31. Qxc4 Rxf2+ 32. Kg1 dxc4 33. Re2 Rxe2 34. Nxe2 Rxe5 35. Nd4 Rd5 36. Rd2 Rh5 37. Kf2 Rh2+ 38. Ke3 Rxd2 39. Kxd2 e5 40. Ne2 f5 41. Ke3 Kf6 42. b3 f4+ 43. Kf2 cxb3 44. cxb3 g5 45. Nc3 g4 0-1


[Site "https://www.chess.com"]

[Event "Titled Tuesday Blitz April 11 Early 2023"]
[White "Fishchuk, Vladyslav"]
[Black "Hajiyev, Kanan"]
[WhiteFideId "34122117"]
[BlackFideId "13404148"]
[WhiteElo "2082"]
[BlackElo "2103"]
[Result "1-0"]
[Round "08"]
[TimeControl "180+2"]
[Date "2023.04.11"]
[WhiteClock "0:01:18"]
[BlackClock "0:00:03"]

1. d4 Nf6 2. Nc3 d5 3. Bf4 c6 4. e3 Bg4 5. Nf3 e6 6. h3 Bh5 7. g4 Bg6 8. Ne5 Nfd7 9. Nxg6 hxg6 10. Bg2 Na6 11. Qe2 Bb4 12. O-O g5 13. Bg3 Nf6 14. Rfe1 O-O 15. Rad1 Qa5 16. Qd3 Rac8 17. a3 Be7 18. e4 dxe4 19. Nxe4 Nxe4 20. Rxe4 Rfd8 21. Qe2 Bf6 22. Be5 Nc7 23. Qf3 Bxe5 24. Rxe5 Rd5 25. Rde1 Rcd8 26. c3 Rxe5 27. Rxe5 Rd5 28. Re2 b5 29. Qe3 Rd6 30. Qxg5 Ne8 31. Qf4 Qd8 32. h4 g6 33. h5 g5 34. Qe5 f6 35. Qe4 1-0


[Site "https://www.chess.com"]

[Event "Titled Tuesday Blitz April 11 Early 2023"]
[White "Grot, Blazej"]
[Black "Csonka, Balazs"]
[WhiteFideId "21835845"]
[BlackFideId "742910"]
[WhiteElo "1823"]
[BlackElo "2404"]
[Result "1/2-1/2"]
[Round "08"]
[TimeControl "180+2"]
[Date "2023.04.11"]
[WhiteClock "0:00:18"]
[BlackClock "0:00:01"]

1. e4 e5 2. Nf3 Nc6 3. Bb5 a6 4. Ba4 Nf6 5. O-O Nxe4 6. d4 b5 7. Bb3 d5 8. dxe5 Be6 9. c3 Bc5 10. Nbd2 O-O 11. Qe2 Bf5 12. Nxe4 dxe4 13. Ng5 Qd3 14. Qxd3 exd3 15. Bd5 Nxe5 16. Bxa8 Rxa8 17. Bf4 Nc4 18. b3 Nd6 19. b4 Bb6 20. a4 f6 21. Bxd6 cxd6 22. Nf3 Rc8 23. axb5 axb5 24. Ra6 Rb8 25. Nd4 Bxd4 26. cxd4 d5 27. f3 Rc8 28. Rd1 Rc2 29. Rb6 d2 30. Kf2 Bd3 31. Ke3 Bc4 32. Rxd2 Rc3+ 33. Kf2 Rb3 34. Ra2 Kf7 35. Ra7+ Kg6 36. Rbb7 h5 37. Rxg7+ Kf5 38. Rh7 Rb2+ 39. Kg3 Rxb4 40. Rxh5+ Ke6 41. Ra6+ Kf7 42. Rh6 Rb2 43. Raxf6+ Kg7 44. Rhg6+ Kh7 45. Rg4 Bf1 46. Rf7+ Kh6 47. Rf6+ Kh7 48. Kh3 b4 49. Rf5 Kh6 50. Rxd5 b3 51. Rd6+ Kh7 52. Rd7+ Kh6 53. Rd8 Kh7 54. Rd7+ Kh6 55. Rd6+ Kh7 56. Rd7+ 1/2-1/2


[Site "https://www.chess.com"]

[Event "Titled Tuesday Blitz April 11 Early 2023"]
[White "Jaferian, Koosha"]
[Black "Shuvalov, Evgenij"]
[WhiteFideId "12507440"]
[BlackFideId "4187237"]
[WhiteElo "2073"]
[BlackElo "2080"]
[Result "1/2-1/2"]
[Round "08"]
[TimeControl "180+2"]
[Date "2023.04.11"]
[WhiteClock "0:00:19"]
[BlackClock "0:00:18"]

1. e4 e6 2. d4 d5 3. Bd3 c5 4. exd5 exd5 5. Nf3 c4 6. Be2 Nf6 7. O-O Be7 8. b3 cxb3 9. axb3 O-O 10. c4 Nc6 11. Ba3 Bxa3 12. Rxa3 Ne4 13. Bd3 Bg4 14. cxd5 Qxd5 15. Bc4 Qh5 16. Be2 Rad8 17. Ra4 Rfe8 18. Re1 h6 19. h3 Bc8 20. Nfd2 Qf5 21. Bf3 Ng5 22. Rxe8+ Rxe8 23. Bg4 Qd3 24. Bxc8 Rxc8 25. Qf1 Qxf1+ 26. Nxf1 Rd8 27. Ne3 Rxd4 28. Rxd4 Nxd4 29. b4 Ne4 30. f3 Nd6 31. Nd5 Kf8 32. Kf2 Ke8 33. Ke3 N4f5+ 34. Kd3 Kd7 35. Nbc3 Nh4 36. Ne3 Ndf5 37. Nxf5 Nxf5 38. Ke4 Nd6+ 39. Kd5 a6 40. Kc5 Nc8 41. Nd5 h5 42. h4 Ke6 43. Nf4+ Kf5 44. Nxh5 g5 45. hxg5 Kxg5 46. Ng3 Kf4 47. Ne4 Ke3 48. Ng5 f5 49. Ne6 b6+ 50. Kc6 a5 51. bxa5 bxa5 52. Kb5 Nd6+ 53. Kxa5 Kf2 54. Ng7 Kxg2 55. Nxf5 Nxf5 56. Kb5 Kxf3 1/2-1/2


[Site "https://www.chess.com"]

[Event "Titled Tuesday Blitz April 11 Early 2023"]
[White "Devaev, Alexander"]
[Black "Tan, Zhongyi"]
[WhiteFideId "4169395"]
[BlackFideId "8603642"]
[WhiteElo "2204"]
[BlackElo "2519"]
[Result "1-0"]
[Round "08"]
[TimeControl "180+2"]
[Date "2023.04.11"]
[WhiteClock "0:00:16"]
[BlackClock "0:00:01"]

1. d4 d5 2. c4 e6 3. Nc3 Nf6 4. Bg5 Be7 5. e3 O-O 6. Nf3 h6 7. Bxf6 Bxf6 8. cxd5 exd5 9. Bd3 c5 10. dxc5 Nd7 11. O-O Bxc3 12. bxc3 Nxc5 13. Bc2 b6 14. Qd4 Be6 15. Rad1 Rc8 16. Qb4 Qc7 17. Nd4 Rfd8 18. Rd2 Bd7 19. Rfd1 Ne6 20. Ne2 Bc6 21. Bb3 Qe5 22. h3 Bb7 23. Nd4 Nc5 24. Nf3 Qh5 25. Rd4 Nxb3 26. axb3 Re8 27. Rh4 Qf5 28. Rhd4 Qc2 29. Qa3 a5 30. Rc1 Qg6 31. Qb2 Rc7 32. Rcd1 Rec8 33. Rc1 Rc5 34. Qd2 Qc6 35. Ne5 Qe8 36. Nd3 R5c7 37. Nf4 Rc5 38. Nd3 R5c7 39. Nf4 Qb5 40. Nxd5 Bxd5 41. Rxd5 Qxb3 42. Rd8+ Kh7 43. Rxc8 Rxc8 44. Qd3+ g6 45. Rb1 Qxc3 46. Qxc3 Rxc3 47. Rxb6 Rc1+ 48. Kh2 Ra1 49. Ra6 Kg7 50. g4 g5 51. Kg3 a4 52. h4 a3 53. h5 a2 54. Kg2 Kf8 55. Kf3 Ke7 56. Kg2 Kd7 57. Kf3 Ke7 58. Ra7+ Ke6 59. Ra6+ Kd5 60. Ra7 Kc4 61. Ra8 Kb3 62. Rb8+ Kc3 63. Rc8+ Kd2 64. Ra8 Ke1 65. Kg2 Ke2 66. Ra3 Kd2 67. Ra8 Kc3 68. Rc8+ Kd3 69. Rd8+ Ke4 70. Ra8 f5 71. Ra4+ Ke5 72. Ra5+ Ke6 73. gxf5+ Kf6 74. e4 1-0


[Site "https://www.chess.com"]

[Event "Titled Tuesday Blitz April 11 Early 2023"]
[White "Dronavalli, Harika"]
[Black "Leyva Rivera, Yunier"]
[WhiteFideId "5015197"]
[BlackFideId "3505065"]
[WhiteElo "2432"]
[BlackElo "2430"]
[Result "1/2-1/2"]
[Round "08"]
[TimeControl "180+2"]
[Date "2023.04.11"]
[WhiteClock "0:00:54"]
[BlackClock "0:00:23"]

1. e4 c5 2. c3 d5 3. exd5 Qxd5 4. Nf3 Nf6 5. d4 e6 6. Na3 Be7 7. Be2 O-O 8. O-O Rd8 9. Nb5 Na6 10. Be3 cxd4 11. Qxd4 b6 12. c4 Qxd4 13. Nfxd4 Bb7 14. Rfd1 Nc5 15. Bf3 Bxf3 16. Nxf3 Ng4 17. Rxd8+ Rxd8 18. Nxa7 Nxe3 19. Nc6 Rd1+ 20. Rxd1 Nxd1 21. Nxe7+ Kf8 22. Nc8 Nxb2 23. Nxb6 Ke7 24. Nd4 Kd6 25. Nb3 Kc6 26. Nxc5 Kxc5 27. Nd7+ Kd6 28. Nb6 Kc5 29. Nd7+ Kd6 30. Nb6 Kc5 1/2-1/2


[Site "https://www.chess.com"]

[Event "Titled Tuesday Blitz April 11 Early 2023"]
[White "Bacrot, Etienne"]
[Black "Filgueira, Hernan"]
[WhiteFideId "605506"]
[BlackFideId "101770"]
[WhiteElo "2663"]
[BlackElo "2363"]
[Result "1-0"]
[Round "08"]
[TimeControl "180+2"]
[Date "2023.04.11"]
[WhiteClock "0:00:05"]
[BlackClock "0:00:38"]

1. e4 d6 2. Nf3 Nf6 3. Nc3 c6 4. d4 Bg4 5. h3 Bh5 6. g4 Bg6 7. Bd3 e6 8. Bg5 Be7 9. Qe2 a6 10. O-O-O d5 11. Bxf6 Bxf6 12. e5 Be7 13. h4 Bxd3 14. Rxd3 Nd7 15. Kb1 c5 16. g5 cxd4 17. Rxd4 Rc8 18. h5 Qb6 19. Qd2 Bb4 20. Nxd5 Bxd2 21. Nxb6 Nxb6 22. Rxd2 Nd5 23. Rh4 b5 24. c3 Ke7 25. Nd4 h6 26. gxh6 gxh6 27. Nf5+ Kf8 28. Nd6 Rc7 29. Rg4 Rg8 30. Rxg8+ Kxg8 31. Rd4 Kf8 32. a4 bxa4 33. Rxa4 Rxc3 34. Rxa6 Rf3 35. Ne4 Rf4 36. Ra4 Kg7 37. Kc2 Rf3 38. Kd2 Nf4 39. Nf6 Rxf2+ 40. Ke3 Rf1 41. Rxf4 Rb1 42. Rg4+ Kf8 43. Rg8+ 1-0


[Site "https://www.chess.com"]

[Event "Titled Tuesday Blitz April 11 Early 2023"]
[White "MKlose11"]
[Black "Salinas Herrera, Pablo"]
[BlackFideId "3407128"]
[WhiteElo "2585"]
[BlackElo "2546"]
[Result "0-1"]
[Round "08"]
[TimeControl "180+2"]
[Date "2023.04.11"]
[WhiteClock "0:00:03"]
[BlackClock "0:00:16"]

1. e4 c5 2. Nc3 a6 3. g3 b5 4. Bg2 Bb7 5. d3 e5 6. f4 d6 7. Nf3 Nd7 8. O-O Ngf6 9. h3 Qc7 10. g4 h6 11. Be3 Be7 12. Qe1 b4 13. Ne2 a5 14. Ng3 g6 15. b3 exf4 16. Bxf4 Ne5 17. Qd2 Nfd7 18. Bxh6 Nxf3+ 19. Rxf3 Ne5 20. Rf2 a4 21. Raf1 axb3 22. axb3 Rh7 23. Bg5 Bf8 24. Bf6 Bc8 25. Ne2 Ra2 26. Nf4 Qa7 27. Nd5 Be6 28. Nf4 Bd7 29. Nd5 Bc6 30. Bxe5 Bxd5 31. exd5 dxe5 32. d6 Bxd6 33. Qg5 Qe7 34. Rf6 e4 35. Re1 Kf8 36. Rxe4 Qd8 37. Qxg6 Rg7 38. Qh6 Kg8 39. Rf1 Bf8 40. Rfe1 Rxc2 41. Re8 Qd4+ 42. Qe3 Qd6 43. Qf3 Rc3 44. Qc6 Qd4+ 45. Kh1 Rg6 46. Rf1 Rxc6 47. Bxc6 Qxd3 0-1


[Site "https://www.chess.com"]

[Event "Titled Tuesday Blitz April 11 Early 2023"]
[White "Gharibyan, Mamikon"]
[Black "Petre, Nad-Titus"]
[WhiteFideId "13308300"]
[BlackFideId "1204165"]
[WhiteElo "2445"]
[BlackElo "2354"]
[Result "1-0"]
[Round "08"]
[TimeControl "180+2"]
[Date "2023.04.11"]
[WhiteClock "0:01:08"]
[BlackClock "0:00:02"]

1. e4 e5 2. Nf3 Nc6 3. Bb5 a6 4. Ba4 Nf6 5. O-O Be7 6. Bxc6 dxc6 7. Re1 Nd7 8. d4 exd4 9. Qxd4 O-O 10. Bf4 Nc5 11. Qe3 Ne6 12. Bg3 Bc5 13. Qe2 Nd4 14. Nxd4 Qxd4 15. Nc3 Bb6 16. Rad1 Qb4 17. Rd3 Be6 18. b3 Rad8 19. Red1 Qe7 20. Na4 Ba7 21. Nb2 b5 22. Rxd8 Rxd8 23. Nd3 f6 24. h4 c5 25. e5 f5 26. Nf4 Rd4 27. Qf3 Rxd1+ 28. Qxd1 Kf7 29. Qh5+ Kg8 30. Qf3 Kf7 31. Qa8 Bb6 32. Qh8 h6 33. Qh7 1-0


[Site "https://www.chess.com"]

[Event "Titled Tuesday Blitz April 11 Early 2023"]
[White "Khubukshanov, Erdem"]
[Black "Kim, Sergey"]
[WhiteFideId "54114527"]
[BlackFideId "13700570"]
[WhiteElo "2420"]
[BlackElo "2582"]
[Result "1-0"]
[Round "08"]
[TimeControl "180+2"]
[Date "2023.04.11"]
[WhiteClock "0:00:24"]
[BlackClock "0:00:06"]

1. d4 Nf6 2. c4 g6 3. g3 Bg7 4. Bg2 d6 5. Nf3 O-O 6. O-O Nbd7 7. Nc3 e5 8. e4 exd4 9. Nxd4 Re8 10. Re1 Nc5 11. h3 c6 12. a3 a5 13. Bg5 h6 14. Bf4 Ne6 15. Nxe6 Bxe6 16. Bxd6 Bxc4 17. e5 Nd7 18. f4 Qb6+ 19. Kh1 Qxb2 20. Qd4 Bd5 21. Bxd5 cxd5 22. Re2 Qb6 23. Qxd5 Rac8 24. Rb1 Qa6 25. Nb5 Nb6 26. Qf3 Na4 27. Rd2 Qb6 28. Kg2 Nc5 29. Nc3 Qa6 30. Nd5 Na4 31. Ne7+ Rxe7 32. Bxe7 b5 33. Rd8+ Rxd8 34. Bxd8 Nc5 35. Rc1 Ne6 36. Be7 Qb6 37. Qe4 Kh7 38. f5 Nf8 39. Rc6 Qb7 40. Bxf8 Bxf8 41. fxg6+ 1-0


[Site "https://www.chess.com"]

[Event "Titled Tuesday Blitz April 11 Early 2023"]
[White "Vakhidov, Shahzod"]
[Black "Costachi, Mihnea"]
[WhiteFideId "14205270"]
[BlackFideId "1217518"]
[WhiteElo "2212"]
[BlackElo "2456"]
[Result "1-0"]
[Round "08"]
[TimeControl "180+2"]
[Date "2023.04.11"]
[WhiteClock "0:00:34"]
[BlackClock "0:01:04"]

1. d4 Nf6 2. Nf3 d5 3. g3 Bf5 4. Bg2 e6 5. O-O c5 6. c4 Be7 7. cxd5 exd5 8. Nc3 O-O 9. dxc5 Bxc5 10. Bg5 Nc6 11. Rc1 Be7 12. b3 Ba3 13. Bxf6 Qxf6 14. Nxd5 Qb2 15. Rc4 Rad8 16. e4 Bg4 17. Rc2 Bxf3 18. Bxf3 Qe5 19. Bg2 Rfe8 20. h3 h6 21. Qg4 Nd4 22. Rd2 h5 23. Qd1 Nc6 24. f4 Qd6 25. Qxh5 Qc5+ 26. Kh2 Qa5 27. Rfd1 Rc8 28. e5 Nb4 29. Be4 Nxd5 30. Rxd5 Qc7 31. Rd7 Qc2+ 32. Bxc2 Rxc2+ 33. Kh1 Bf8 34. Qxf7+ 1-0


[Site "https://www.chess.com"]

[Event "Titled Tuesday Blitz April 11 Early 2023"]
[White "Mikhailovsky, Vladimir"]
[Black "Shevtchenko, Olesya"]
[WhiteFideId "34105414"]
[BlackFideId "24131890"]
[WhiteElo "2275"]
[BlackElo "2003"]
[Result "0-1"]
[Round "08"]
[TimeControl "180+2"]
[Date "2023.04.11"]
[WhiteClock "0:00:02"]
[BlackClock "0:00:05"]

1. e4 c6 2. Nf3 d5 3. d3 Qc7 4. g3 dxe4 5. dxe4 e5 6. Bg2 Nf6 7. O-O Bc5 8. Nbd2 O-O 9. Nb3 Rd8 10. Qe2 Be7 11. a4 a5 12. Nh4 b6 13. Re1 Na6 14. Nf5 Nb4 15. Be3 Ba6 16. c4 Nd3 17. Red1 Bxc4 18. Nd2 Ba6 19. Qf3 c5 20. b3 Nb4 21. Nc4 Nc2 22. Rac1 Bxc4 23. bxc4 Nd4 24. Bxd4 cxd4 25. Bf1 Bf8 26. c5 Bxc5 27. Bc4 Kf8 28. Qe2 Ra7 29. Qd2 Nxe4 30. Qc2 Nc3 31. Re1 g6 32. Nh4 Kg7 33. Nf3 f6 34. Nd2 Qc6 35. Bd3 Qxa4 36. Qb2 Qa2 37. Rc2 Qxb2 38. Rxb2 a4 39. Nc4 a3 40. Rb3 a2 41. Ra1 Rb8 42. Nd2 Ra3 43. Rb2 b5 44. Nb3 Be7 45. Nc1 b4 46. Bc4 b3 47. Rxb3 Rbxb3 48. Bxb3 e4 49. Kf1 d3 50. Ke1 Bb4 51. Kf1 d2 52. Nxa2 Rxb3 0-1


[Site "https://www.chess.com"]

[Event "Titled Tuesday Blitz April 11 Early 2023"]
[White "Aradhya, Garg"]
[Black "Pham, Le Thao Nguyen"]
[WhiteFideId "25006746"]
[BlackFideId "12401226"]
[WhiteElo "2263"]
[BlackElo "2286"]
[Result "1/2-1/2"]
[Round "08"]
[TimeControl "180+2"]
[Date "2023.04.11"]
[WhiteClock "0:01:30"]
[BlackClock "0:00:14"]

1. d4 Nf6 2. c4 c6 3. Bf4 d5 4. e3 Qb6 5. Qb3 Bf5 6. Nc3 Na6 7. c5 Qxb3 8. axb3 Nb4 9. Kd2 Nd7 10. Nf3 f6 11. Na2 Nxa2 12. Rxa2 a6 13. Ra3 e5 14. Bg3 e4 15. Ne1 Rc8 16. b4 h5 17. h4 Be7 18. Be2 Kf7 19. Nc2 Bg4 20. f3 Bf5 21. Na1 Rce8 22. Nb3 Bd8 23. Na5 Bxa5 24. bxa5 Nf8 25. Bd6 Rd8 26. Rha1 Rd7 27. Rb3 Ne6 28. Ra4 g5 29. Rab4 Nd8 30. hxg5 fxg5 31. Be5 Rh7 32. f4 g4 33. Ra4 h4 34. Ra1 Kg6 35. Rh1 Nf7 36. Ra3 Nd8 37. Raa1 Ne6 38. Rag1 Rh6 39. Ke1 Rdh7 40. g3 h3 41. Rh2 Rf7 42. Kd2 Rhh7 43. Bd1 Rh6 44. b4 Nd8 45. Bb3 Rd7 46. Ra1 Be6 47. Kc3 Kf5 48. Bc2 Rh5 49. Bb3 Rh6 50. Bc2 Rh5 51. Bb3 Rh6 1/2-1/2


[Site "https://www.chess.com"]

[Event "Titled Tuesday Blitz April 11 Early 2023"]
[White "Weetik, Vjacheslav"]
[Black "Kumala, Aleksander"]
[WhiteFideId "4153472"]
[BlackFideId "1141880"]
[WhiteElo "2469"]
[BlackElo "2269"]
[Result "0-1"]
[Round "08"]
[TimeControl "180+2"]
[Date "2023.04.11"]
[WhiteClock "0:00:07"]
[BlackClock "0:00:08"]

1. Nf3 Nf6 2. g3 b5 3. e3 b4 4. a3 bxa3 5. b3 e6 6. Bg2 d5 7. O-O Be7 8. c4 O-O 9. Nxa3 c6 10. Bb2 Nbd7 11. Qe2 Qc7 12. Rfc1 Rb8 13. cxd5 exd5 14. Nd4 Bb7 15. Nf5 Bb4 16. Nb5 Qb6 17. Nbd4 a5 18. Nxg7 Kxg7 19. Nf5+ Kh8 20. Qh5 d4 21. Qh6 Rg8 22. Bxd4 c5 23. Bb2 Rg6 24. Qf4 Bxg2 25. Kxg2 Re8 26. d3 Bd2 27. Rc2 Bb4 28. Nd6 Rf8 29. Ne4 Kg8 30. h4 Nxe4 31. dxe4 Qd6 32. h5 Qxf4 33. exf4 Rd6 34. Rh1 f5 35. exf5 Rxf5 36. Kf3 Nf6 37. g4 Rfd5 38. Re2 Rd3+ 39. Re3 Rxe3+ 40. fxe3 Nd5 41. Be5 Rd8 42. Rd1 Rd7 43. e4 Nb6 44. Rg1 c4 45. bxc4 Nxc4 46. Bf6 Rd3+ 47. Ke2 Re3+ 48. Kf2 Rxe4 49. Kf3 Nd2+ 50. Kg2 Rxf4 51. Kh3 Rxf6 52. g5 Rf3+ 53. Kg4 Re3 54. Rc1 Re4+ 55. Kf5 Rc4 56. Rd1 Rd4 57. Rc1 Nc4 58. Rg1 Kf7 59. g6+ hxg6+ 60. Rxg6 Rd5+ 61. Ke4 Rxh5 62. Ra6 Ke7 0-1


[Site "https://www.chess.com"]

[Event "Titled Tuesday Blitz April 11 Early 2023"]
[White "Cori T., Deysi"]
[Black "Nazari, Arad"]
[WhiteFideId "3801934"]
[BlackFideId "12577324"]
[WhiteElo "2292"]
[BlackElo "2242"]
[Result "0-1"]
[Round "08"]
[TimeControl "180+2"]
[Date "2023.04.11"]
[WhiteClock "0:00:01"]
[BlackClock "0:00:15"]

1. d4 Nf6 2. Nf3 g6 3. g3 Bg7 4. Bg2 O-O 5. O-O d5 6. c4 c6 7. cxd5 cxd5 8. Nc3 Ne4 9. e3 Nxc3 10. bxc3 Qa5 11. Qb3 b6 12. Nd2 Bb7 13. Ba3 Re8 14. Rfc1 Na6 15. Bb4 Qb5 16. a4 Qd3 17. Ra2 Rac8 18. Rac2 e6 19. g4 Nxb4 20. cxb4 Rxc2 21. Rxc2 Qe2 22. Bf3 Qe1+ 23. Kg2 Rc8 24. Rxc8+ Bxc8 25. Qc2 Bd7 26. b5 Bf8 27. Qc7 Be8 28. Qb8 Qxd2 29. Qxe8 Qb4 30. g5 Qxa4 31. Bg4 Qb4 32. Qd7 Qa3 33. h4 h6 34. Kf3 hxg5 35. hxg5 Be7 0-1


[Site "https://www.chess.com"]

[Event "Titled Tuesday Blitz April 11 Early 2023"]
[White "Pakleza, Zbigniew"]
[Black "Eynullayev, Atilla"]
[WhiteFideId "1119290"]
[BlackFideId "13413570"]
[WhiteElo "2410"]
[BlackElo "2181"]
[Result "1/2-1/2"]
[Round "08"]
[TimeControl "180+2"]
[Date "2023.04.11"]
[WhiteClock "0:00:06"]
[BlackClock "0:00:04"]

1. d4 Nf6 2. Nf3 d5 3. Bf4 c5 4. c3 Nc6 5. Nbd2 e6 6. e3 cxd4 7. cxd4 Be7 8. Bd3 O-O 9. a3 Nh5 10. Be5 Nf6 11. Bg3 Bd7 12. h3 Rc8 13. O-O Qb6 14. b4 Nb8 15. Qe2 a6 16. a4 Bxb4 17. Rfb1 a5 18. Ne5 Nc6 19. Bh4 Nxe5 20. dxe5 Ne4 21. Nxe4 dxe4 22. Bxe4 Qc5 23. f4 Bc6 24. Bxc6 Rxc6 25. Kh2 Rfc8 26. Qg4 Qf8 27. Ra2 Rc3 28. e4 Rc2 29. Rxc2 Rxc2 30. f5 h5 31. Qxh5 Qc5 32. Qg4 Qxe5+ 33. Bg3 Qf6 34. Rf1 e5 35. Bh4 Qh6 36. f6 Bd2 37. fxg7 Bf4+ 38. Kh1 Qxg7 39. Qf3 Ra2 40. g3 Bh6 41. Rd1 Rd2 42. Rb1 f6 43. Qf5 Qd7 44. Qg6+ Bg7 45. Rf1 Rd1 46. Kg2 Rxf1 47. Kxf1 Qd1+ 48. Kf2 Qd2+ 49. Kf3 Qd1+ 50. Kf2 Qd2+ 51. Kf1 Qd3+ 52. Kf2 Qd2+ 1/2-1/2


[Site "https://www.chess.com"]

[Event "Titled Tuesday Blitz April 11 Early 2023"]
[White "Kozin, Yuri"]
[Black "Zhu, Jiner"]
[WhiteFideId "4129920"]
[BlackFideId "8608059"]
[WhiteElo "2558"]
[BlackElo "2384"]
[Result "0-1"]
[Round "08"]
[TimeControl "180+2"]
[Date "2023.04.11"]
[WhiteClock "0:00:02"]
[BlackClock "0:00:48"]

1. e4 c5 2. Nf3 Nc6 3. d4 cxd4 4. Nxd4 Nf6 5. Nc3 e6 6. Ndb5 d6 7. Bf4 e5 8. Bg5 a6 9. Na3 b5 10. Nd5 Be7 11. Bxf6 Bxf6 12. c3 Rb8 13. Nc2 Bg5 14. Be2 O-O 15. O-O Be6 16. Qd3 Qc8 17. Rad1 a5 18. Qg3 Bd8 19. h3 Ne7 20. Nxe7+ Bxe7 21. Bg4 b4 22. Rd3 Qc4 23. Bxe6 fxe6 24. Qe3 Qxa2 25. cxb4 Qxb2 26. Na3 axb4 27. Nc4 Qa2 28. Nxd6 b3 29. Rd2 b2 30. Nc4 b1=Q 31. Rxa2 Qxa2 32. Nxe5 Qb3 33. Qa7 Qb7 34. Qa2 Qb3 35. Qa7 Rb7 36. Qa6 Bc5 37. Qc6 Qb6 38. Qa4 Bxf2+ 39. Kh1 Qb5 0-1


[Site "https://www.chess.com"]

[Event "Titled Tuesday Blitz April 11 Early 2023"]
[White "koncheto"]
[Black "Ingebretsen, Jens E"]
[BlackFideId "1522965"]
[WhiteElo "2558"]
[BlackElo "2213"]
[Result "0-1"]
[Round "08"]
[TimeControl "180+2"]
[Date "2023.04.11"]
[WhiteClock "0:01:34"]
[BlackClock "0:02:10"]

1. e4 c5 2. Nf3 Nc6 3. d4 cxd4 4. Nxd4 Nf6 5. Nc3 e5 6. Ndb5 d6 7. Bg5 a6 8. Na3 b5 9. Nd5 Be7 10. Bxf6 Bxf6 11. c3 Ne7 12. Ne3 Bb7 13. Bd3 d5 14. exd5 Nxd5 15. Nac2 Nf4 16. Bf1 O-O 17. f3 Qb6 18. g3 Rad8 19. Qc1 Bxf3 20. Rg1 Nd3+ 21. Bxd3 Rxd3 22. Kf2 e4 23. Nb4 Rfd8 24. Nxd3 Rxd3 25. h4 Be7 26. Re1 Qe6 27. g4 Bc5 28. b4 Bb6 29. Kg3 Bxe3 0-1


[Site "https://www.chess.com"]

[Event "Titled Tuesday Blitz April 11 Early 2023"]
[White "Aldokhin, Ivan"]
[Black "Ahn, Hongjin"]
[WhiteFideId "24115720"]
[BlackFideId "13201492"]
[WhiteElo "2322"]
[BlackElo "2182"]
[Result "1-0"]
[Round "08"]
[TimeControl "180+2"]
[Date "2023.04.11"]
[WhiteClock "0:00:08"]
[BlackClock "0:00:05"]

1. e4 c5 2. Nf3 Nf6 3. d4 Nxe4 4. Bd3 Nf6 5. O-O cxd4 6. Nxd4 e6 7. Re1 Be7 8. Qf3 O-O 9. Qg3 Nc6 10. Nb5 Ne8 11. c4 a6 12. N5c3 f5 13. Nd2 Nf6 14. Nf3 d6 15. Bh6 Ne8 16. Rad1 Kh8 17. Bc1 e5 18. Nd5 Nf6 19. Ng5 h6 20. Nxe7 Qxe7 21. Nf3 e4 22. Nh4 Kg8 23. Ng6 Qf7 24. Nxf8 Qxf8 25. Bf1 Kh8 26. Qxd6 Qf7 27. b4 Be6 28. b5 axb5 29. cxb5 Ne7 30. a3 Ng6 31. Bb2 Ng4 32. h3 Nf6 33. Rc1 Nh5 34. Rc7 Qg8 35. Rxb7 Bf7 36. Qc7 Rf8 37. Rd1 Nhf4 38. Rd7 Ne6 39. Rxf7 Nxc7 40. Rxg7 Qxg7 41. Bxg7+ Kxg7 42. Rxc7+ Kf6 43. b6 Rb8 44. b7 Ne7 45. a4 Ke6 46. a5 Kd6 47. Rxe7 Kxe7 48. a6 Kd6 49. a7 Kc7 50. a8=Q Rxb7 51. Qa5+ Kc8 52. Qxf5+ 1-0


[Site "https://www.chess.com"]

[Event "Titled Tuesday Blitz April 11 Early 2023"]
[White "EREBUNI91"]
[Black "Horak, Martin"]
[BlackFideId "367095"]
[WhiteElo "2665"]
[BlackElo "2091"]
[Result "1-0"]
[Round "08"]
[TimeControl "180+2"]
[Date "2023.04.11"]
[WhiteClock "0:01:15"]
[BlackClock "0:00:01"]

1. e4 c5 2. Nc3 Nc6 3. Bb5 Nd4 4. Bc4 e6 5. Nge2 Nf6 6. O-O a6 7. a4 d5 8. exd5 exd5 9. Ba2 Nxe2+ 10. Qxe2+ Be7 11. d3 O-O 12. Bg5 Be6 13. Qf3 Bg4 14. Qf4 Be6 15. Qf3 Bg4 16. Qg3 Be6 17. Rfe1 Rc8 18. Bh6 Nh5 19. Qe5 Nf6 20. Bf4 c4 21. dxc4 dxc4 22. Rad1 Qb6 23. a5 Qc6 24. Ne2 Rfd8 25. Nd4 Qd5 26. Nxe6 Qxe6 27. Rxd8+ Bxd8 28. Qxe6 fxe6 29. Rxe6 Bxa5 30. Be5 Bb4 31. c3 Bf8 32. Rb6 Kf7 33. Rxb7+ Ke6 34. Bd4 Bc5 35. Bxc4+ Kd6 36. Bxc5+ Rxc5 37. Bxa6 Ne4 38. f3 Nd2 39. Bb5 Ke5 40. Kf2 Nb1 41. Bd3 Nd2 42. Ke3 1-0


[Site "https://www.chess.com"]